 Dungeon Crawl Stone Soup version 0.31-a0-1237-gabc64e778c (webtiles) character file.

Game seed: 13132081788189752992

6907 quinnr the Devastator (level 11, -5/63 HPs)
             Began as a Tengu Air Elementalist on Dec 15, 2023.
             Was an Initiate of Vehumet.
             Slain by Harold
             ... wielding a +0 dire flail of protection
              (17 damage)
             ... on level 9 of the Dungeon.
             The game lasted 00:25:23 (13167 turns).

quinnr the Devastator (Tengu Air Elementalist)     Turns: 13167, Time: 00:25:24

Health: -5/63      AC:  3    Str:  9    XL:     11   Next: 7%
Magic:  2/19       EV: 14    Int: 20    God:    Vehumet [......]
Gold:   448        SH:  5    Dex: 14    Spells: 2/20 levels left

rFire   + + .        g - staff of fire {!a}
rCold   . . .        (no shield)
rNeg    . . .        a - +0 robe
rPois   .            (helmet restricted)
rElec   .            G - +0 cloak
rCorr   .            (no gloves)
SInv    .            (boots unavailable)
Will    .....        s - amulet of reflection
Stlth   ++           F - ring of protection from fire
HPRegen 0.30/turn    (no ring)
MPRegen 0.16/turn

%: reflection, acrobat
@: grasped by roots, flying, constricted
A: beak, talons 3, evasive flight, acrobatic
a: Renounce Religion


You were on level 9 of the Dungeon.
You worshipped Vehumet.
Vehumet was noncommittal.
You visited 2 branches of the dungeon, and saw 10 of its levels.
You also visited: Ossuary.

You collected 448 gold pieces.


Innate Abilities, Weirdness & Mutations

You have a beak for a mouth.
You have claws for feet.
Your magical flight helps you evade attacks. (EV +4)
You can magically evade attacks while moving or waiting.


   Skills:
 - Level 5.0 Fighting
 - Level 4.0 Dodging
 - Level 2.0 Stealth
 - Level 5.0 Spellcasting
 + Level 15.5 Conjurations
 - Level 10.0 Air Magic
 - Level 4.0 Evocations


You had 2 spell levels left.
You knew the following spells:

 Your Spells              Type           Power      Damage    Failure   Level
a - Airstrike             Air            22%        2d(4-20)  1%          4
i - Iskenderun's Battles  Conj           61%        2d11      1%          5
t - Static Discharge      Conj/Air       100%       3-8/arc   1%          2
z - Shock                 Conj/Air       100%       1d9       1%          1
X - Conjure Ball Lightni  Conj/Air       27%        3x3d8     10%         6

Your spell library contained the following spells:

 Spells                   Type           Power      Damage    Failure   Level
 Cigotuvi's Dreadful Rot  Necr/Pois/Air  36%        N/A       4%          2
 Swiftness                Air            45%        N/A       1%          3
 Dispel Undead            Necr           5%         3d7       75%         4
 Death Channel            Necr           2%         N/A       100%        6

Inventory:

Hand Weapons
 i - the +3 flail of the Battered Places {heavy, ^Contam rC+ rN++ Will+}
   (You found it on level 4 of the Dungeon)

   rC+:       It protects you from cold.
   rN++:      It greatly protects you from negative energy.
   Will+:     It increases your willpower.
   ^Contam:   It causes magical contamination when unequipped.
 p - the +8 whip of Guig Jar {elec, Will- Dex+6}
   (You found it on level 5 of the Dungeon)

   Dex+6:     It affects your dexterity (+6).
   Will-:     It decreases your willpower.
 u - the +0 long sword "Zarudit" {heavy, Will+ Str+3 Int+2}
   (You found it on level 6 of the Dungeon)

   Str+3:     It affects your strength (+3).
   Int+2:     It affects your intelligence (+2).
   Will+:     It increases your willpower.
 y - a +0 dagger of distortion
 E - a +1 dagger of venom
Missiles
 q - 2 javelins
 x - 2 throwing nets {=f}
Armour
 a - a +0 robe (worn)
 G - a +0 cloak (worn)
Magical Staves
 g - a staff of fire (weapon) {!a}
Jewellery
 h - an amulet of regeneration
 s - an amulet of reflection (around neck)
 F - a ring of protection from fire (left hand)
Wands
 B - a wand of roots (6)
Scrolls
 b - a scroll of enchant weapon {unknown}
 e - 10 scrolls of teleportation {@r2}
 k - 2 scrolls of revelation
 o - a scroll of vulnerability
 t - a scroll of noise
 v - a scroll of fear
 w - 2 scrolls of fog
 C - a scroll of immolation {unknown}
 D - a scroll of acquirement {unknown}
Potions
 c - a potion of attraction
 d - a potion of haste {unknown}
 f - 4 potions of degeneration {unknown}
 j - 2 potions of resistance
 l - 7 potions of curing {unknown}
 m - a potion of might {unknown}
 n - a potion of lignification {unknown}
 r - a potion of mutation
 z - a potion of ambrosia {unknown}
 A - 2 potions of heal wounds {unknown}

Dungeon Overview and Level Annotations

Branches:
Dungeon (9/15)             Temple (1/1) D:7            Lair (0/5) D:8
Ossuary (visited)
    Orc: D:9-12

Altars:
Cheibriados
Dithmenos
Gozag
Hepliaklqana
Kikubaaqudgha
Makhleb
Nemelex Xobeh
Qazlal
Sif Muna
Trog
Uskayaw
Vehumet
Wu Jian
Xom
Yredelemnul

Shops:
D:2 [   D:5 [   D:7 [   D:8 ?

Annotations:
D:8 exclusion: downstairs
D:9 Harold ########...... ............. #............ #............ .# #....(....... yW#

#..........
.h.
#....@..#
...
#....@..#
...
#.......#
...
#..✱....#
...
#.......#
#.......#
#......##
#......#
+#......#
.........#


You could see Harold (rooted, ally target) and a friendly battlesphere.


Message History

Unknown command.
Unknown command.
Unknown command.
Casting: Airstrike (dangerous; 1% risk of failure)
Confirm with . or Enter, or press ? or * to list all spells.
Aiming: Airstrike (dangerous; 1% risk of failure)
Press: ? - help, Dir - move target, f/p - Harold
Aim: Harold, wielding a +0 dire flail of protection, wearing a +0 chain mail, quivering 5 throwing nets and carrying a wand of roots (moderately wounded, ally target, empty space bonus: 7/8)
The air twists around and strikes Harold!
Harold is heavily wounded.
Your battlesphere fires!
The barrage of energy hits Harold.
Harold is severely wounded.
You block Harold's attack. The grasping roots constrict you!
* * * LOW HITPOINT WARNING * * *
Unknown command.
Unknown command.
Unknown command.
Casting: Airstrike (dangerous; 1% risk of failure)
Confirm with . or Enter, or press ? or * to list all spells.
You don't have enough magic to cast this spell.
Unknown command.
Aiming: Fastroot
Press: ? - help, Shift-Dir - straight line, p - Harold The roots erupt in riotous growth!
Roots grab Harold.
The grasping roots constrict Harold!
Harold hits you with a +0 dire flail of protection!
You die...
Harold says, "Can't wait to tell my little ones about this."

Skill      XL: |  1  2  3  4  5  6  7  8  9 10 |
---------------+-------------------------------+-----
Conjurations   | 2 3 4 5 7 9 12 15 | 15.5
Air Magic      | 5 6 7 8 10 | 10.0
Spellcasting   | 3 4 5 |  5.0
Fighting       | 2 3 5 |  5.0
Evocations     | 4 |  4.0
Dodging        | 4 |  4.0
Stealth        | |  2.0

Action                     |  1- 3 |  4- 6 |  7- 9 | 10-12 || total
---------------------------+-------+-------+-------+-------++-------
  Melee: Staff             |       |    43 |    13 |     8 ||    64
         Kick              |       |    15 |     5 |     4 ||    24
         Peck              |       |     8 |     2 |     2 ||    12
         Punch             |       |     1 |     1 |       ||     2
   Cast: Shock             |    73 |   111 |   205 |    95 ||   484
         Static Discharge  |       |    24 |    12 |    11 ||    47
         Iskenderun's Batt |       |       |    22 |    17 ||    39
         Airstrike         |       |       |     6 |    36 ||    42
  Evoke: Wand              |       |       |       |     1 ||     1
    Use: Scroll            |     1 |     2 |     5 |     1 ||     9
         Potion            |       |       |     1 |       ||     1
 Armour: Robe              |    10 |    73 |    52 |    28 ||   163
  Dodge: Dodged            |    19 |    64 |   105 |    54 ||   242
  Block: Other             |       |       |    15 |    11 ||    26
         Reflection        |       |       |     1 |       ||     1

Levels and vault maps discovered:
D:1:      zelgadis_glass_arrival_small, layout_basic, serial_curves,
          eino_curves_03, eino_curves_02, eino_curves_04, eino_curves_02
D:2:      layout_rooms, chequers_ecumenical_altar_grove, serial_shops,
          nicolae_square_shop, st_stairs_6, uniq_terence
D:3:      layout_basic, mainiacjoe_overflow_chevrons, trog_wizard,
          biasface_ghost_orc_armoury, uniq_sigmund
D:4:      layout_basic, nicolae_ossuary_entry_monument
D:5:      layout_loops_corners, serial_shops, nicolae_shop_window_shopping,
          minmay_crystal_room, minivault_11, minmay_misc_feat_plants
D:6:      layout_layer_cave, lemuel_doored_altar
D:7:      layout_basic, nicolae_gozag_cash_rules_everything_around_me,
          minmay_temple_entry_statues_pillars, serial_shops, shop
D:8:      layout_cave_pools, nicolae_hepliaklqana_monster_ancestors,
          grunt_lair_entry_orc_guard_hut, serial_column_ruins, column_ruins_hut,
          column_ruins_open_tiny, column_ruins_corridor_straight,
          column_ruins_open_medium, column_ruins_open_tiny,
          column_ruins_open_tiny, column_ruins_open_small, serial_shops, shop,
          chequers_big_river, minmay_puff, uniq_prince_ribbit1, uniq_grum,
          uniq_psyche
D:9:      minmay_s_stair_smasher, layout_irregular_city,
          mainiacjoe_overflow_catwalk, fedhas_altar_fruit_tree,
          mainiacjoe_overflow_24_doors, minmay_overflow_temple_star_quad,
          minmay_orc_entry_temple_small, uniq_harold
Temple:   hellmonk_temple_rainy

Notes
Turn   | Place    | Note
-------+----------+-------------------------------------------
     0 | D:1      | quinnr the Tengu Air Elementalist began the quest for the
                  | Orb.
     0 | D:1      | Reached XP level 1. HP: 10/10 MP: 4/4
   143 | D:1      | Reached skill level 2 in Conjurations
   191 | D:1      | Reached XP level 2. HP: 15/15 MP: 3/6
   236 | D:1      | Learned a level 2 spell: Static Discharge
   608 | D:1      | Reached skill level 3 in Conjurations
   701 | D:1      | Reached XP level 3. HP: 19/19 MP: 4/7
  1250 | D:2      | Reached skill level 4 in Conjurations
  1250 | D:2      | Reached XP level 4. HP: 24/24 MP: 3/8
  1305 | D:2      | Noticed Terence
  1309 | D:2      | Killed Terence
  1310 | D:2      | Reached skill level 5 in Air Magic
  1430 | D:2      | Found Deuzawn's Armour Shoppe.
  2025 | D:2      | Found a faded altar of an unknown god.
  2338 | D:3      | Reached XP level 5. HP: 28/28 MP: 6/9
  2591 | D:4      | Reached skill level 5 in Conjurations
  2802 | D:4      | Reached skill level 3 in Spellcasting
  2802 | D:4      | Reached XP level 6. HP: 23/32 MP: 1/11
  2814 | D:4      | Found a sand-covered staircase.
  2819 | D:4      | Identified the +3 flail of the Battered Places {heavy,
                  | ^Contam rC+ rN++ Will+}
  2823 | Ossuary  | Entered an ossuary
  3309 | Ossuary  | Reached skill level 6 in Conjurations
  3347 | Ossuary  | Reached skill level 6 in Air Magic
  3505 | Ossuary  | Reached skill level 7 in Conjurations
  3505 | Ossuary  | Gained mutation: Your magical flight helps you evade
                  | attacks. (EV +4) [Tengu growth]
  3505 | Ossuary  | Reached XP level 7. HP: 28/36 MP: 0/12
  4147 | D:5      | Entered Level 5 of the Dungeon
  4194 | D:5      | Got the Writings on the Grave and the Salvo
  4202 | D:5      | Learned a level 5 spell: Iskenderun's Battlesphere
  4326 | D:5      | Reached skill level 8 in Conjurations
  4326 | D:5      | Reached skill level 7 in Air Magic
  4602 | D:5      | Found Fuypt's Antique Armour Emporium.
  4860 | D:5      | Reached skill level 9 in Conjurations
  4860 | D:5      | Reached XP level 8. HP: 42/42 MP: 4/13
  5033 | D:5      | Reached skill level 1 in Fighting
  5033 | D:5      | Reached skill level 1 in Evocations
  5102 | D:5      | Identified the +8 whip of Guig Jar {elec, Will- Dex+6}
  5612 | D:5      | Reached skill level 3 in Dodging
  5771 | D:6      | Reached skill level 2 in Fighting
  5771 | D:6      | Reached skill level 2 in Evocations
  5939 | D:6      | Reached skill level 8 in Air Magic
  6124 | D:6      | Identified the +0 long sword "Zarudit" {heavy, Will+ Str+3
                  | Int+2}
  6276 | D:6      | Reached skill level 4 in Dodging
  6276 | D:6      | Reached skill level 3 in Evocations
  6279 | D:6      | Reached skill level 4 in Evocations
  6401 | D:6      | Reached skill level 4 in Spellcasting
  6401 | D:6      | Reached XP level 9. HP: 48/48 MP: 1/16
  6710 | D:6      | Identified 2 potions of resistance
  6906 | D:7      | Found Affauqirchi's Armour Boutique.
  6932 | D:7      | Reached skill level 3 in Fighting
  6937 | D:7      | Learned a level 4 spell: Airstrike
  7549 | D:7      | Found a staircase to the Ecumenical Temple.
  7579 | Temple   | Entered the Ecumenical Temple
  7667 | D:7      | Reached skill level 9 in Air Magic
  7780 | D:7      | Reached skill level 10 in Conjurations
  8262 | D:7      | Found an opulent altar of Gozag.
  8399 | D:8      | Reached skill level 10 in Air Magic
  8529 | D:8      | Reached skill level 11 in Conjurations
  8659 | D:7      | HP: 4/50 [/static electricity (3)]
  8660 | D:7      | Reached skill level 12 in Conjurations
  8660 | D:7      | Reached XP level 10. HP: 4/56 MP: 11/17
  8914 | D:8      | Noticed Prince Ribbit
  8935 | D:8      | Killed Prince Ribbit
  8937 | D:8      | Reached skill level 13 in Conjurations
  9417 | D:6      | Found a shimmering blue altar of Sif Muna.
  9944 | D:8      | Noticed Psyche
  9948 | D:8      | Killed Psyche
  9949 | D:8      | Reached skill level 14 in Conjurations
 10152 | D:8      | Reached skill level 4 in Fighting
 10195 | D:8      | Reached skill level 5 in Fighting
 10310 | D:8      | Noticed Grum
 10314 | D:8      | Killed Grum
 10327 | D:8      | Found Daji's Magic Scroll Shoppe.
 10938 | D:8      | Noticed an elephant
 10939 | D:8      | Found a staircase to the Lair.
 10945 | D:8      | Killed an elephant
 10946 | D:8      | Reached skill level 5 in Spellcasting
 11216 | D:8      | Learned a level 6 spell: Conjure Ball Lightning
 11249 | D:8      | Found a hazy altar of Hepliaklqana.
 11374 | D:8      | Reached skill level 15 in Conjurations
 11478 | D:8      | Reached XP level 11. HP: 63/63 MP: 11/19
 11982 | D:3      | Found a radiant altar of Vehumet.
 12033 | D:3      | Noticed Sigmund
 12035 | D:3      | Killed Sigmund
 12039 | D:3      | Became a worshipper of Vehumet
 12400 | D:3      | Found a bloodstained altar of Trog.
 12494 | D:3      | Noticed an arcanist
 12496 | D:3      | Killed an arcanist
 12659 | D:3      | Found a runed translucent gate.
 12660 | D:3      | Found a runed translucent gate.
 12667 | D:3      | Found a runed translucent gate.
 12669 | D:3      | Noticed RockinRobin's ghost (amateur MeWn)
 12797 | D:3      | Killed RockinRobin's ghost
 13161 | D:9      | Noticed Harold
 13167 | D:9      | Slain by Harold

Vanquished Creatures
  An elephant (D:8)
  Psyche (D:8)
  Prince Ribbit (D:8)
  Sigmund (D:3)
  5 yaks (D:8)
  3 steam dragons
  3 vampire mosquitoes
  Grum (D:8)
  A water moccasin (D:5)
  3 ice beasts
  2 orc warriors
  2 sky beasts (D:8)
  An ogre (D:6)
  3 wolves
  The ghost of RockinRobin the Firebug, an amateur MeWn (D:3)
  A centaur (D:8)
  A phantom (D:6)
  An elf zombie (Ossuary)
  A kobold brigand (D:7)
  A gnoll sergeant (D:8)
  3 bullfrogs (D:8)
  4 scorpions
  8 wights (D:8)
  14 killer bees
  An electric eel (D:8)
  3 howler monkeys (D:7)
  A centaur zombie (Ossuary)
  4 hounds
  A human zombie (Ossuary)
  4 gnoll boudas
  A jelly (D:6)
  4 iguanas
  4 orc priests
  Terence (D:2)
  4 orc wizards
  2 mummies (Ossuary)
  24 gnolls
  13 adders
  3 white imps
  7 ufetubi
  3 adder zombies (Ossuary)
  3 worms
  3 dart slugs
  42 orcs
  6 bats
  5 endoplasms
  3 giant cockroaches
  7 goblins
  6 hobgoblins
  4 jackals (D:2)
  5 quokkas
  4 ball pythons
  6 frilled lizards
  A goblin zombie (Ossuary)
  7 hobgoblin zombies (Ossuary)
  9 kobolds
  11 kobold zombies (Ossuary)
  9 orc zombies (Ossuary)
  7 rats
  3 rat zombies (Ossuary)
  A spectral orc (D:8)
285 creatures vanquished.

Vanquished Creatures (others)
  An arcanist (D:3)
1 creature vanquished.

Grand Total: 286 creatures vanquished

Table legend: (Time is in decaauts)
 A = Elapsed time spent in this place.
 B = Non-inter-level travel time spent in this place.
 C = Inter-level travel time spent in this place.
 D = Time resting spent in this place.
 E = Time spent auto-exploring this place.
 F = Levels seen in this place.
 G = Mean time per level.
                   A        B        C        D        E       F      G
               +--------+--------+--------+--------+--------+-----+--------+
         Total |  13192 |  12276 |    916 |   1369 |   8907 |  11 | 1199.3 |
       Dungeon |  12327 |  11414 |    913 |   1306 |   8444 |   9 | 1369.7 |
        Temple |      5 |      2 |      3 |      0 |      0 |   1 |    5.0 |
       Ossuary |    858 |    858 |      0 |     63 |    463 |   1 |  858.0 |
               +--------+--------+--------+--------+--------+-----+--------+

Top non-repeatable levels by time:
     D:7: 2260 daAuts
     D:8: 2031 daAuts
     D:6: 1749 daAuts
     D:5: 1645 daAuts
     D:3: 1525 daAuts
     D:1: 1248 daAuts
     D:2: 997 daAuts
 Ossuary: 858 daAuts
     D:4: 836 daAuts
     D:9: 31 daAuts
  Temple: 5 daAuts

Table legend:
 A = Non-vault XP
 B = Vault XP
 C = Vault XP percentage of total XP
 D = Non-vault monster count
 E = Vault monster count
 F = Vault count percentage of total count
                 A         B        C        D         E       F
            +---------+---------+-------+---------+---------+-------
      Total |    6459 |    3409 |  34.5 |     217 |      68 |  23.9
            +---------+---------+-------+---------+---------+-------
        D:1 |      44 |       0 |   0.0 |      27 |       0 |   0.0
        D:2 |      66 |      38 |  36.5 |      14 |       2 |  12.5
        D:3 |     140 |     356 |  71.8 |      29 |       8 |  21.6
        D:4 |     236 |       0 |   0.0 |      21 |       0 |   0.0
        D:5 |     887 |       0 |   0.0 |      30 |       0 |   0.0
        D:6 |    1035 |       0 |   0.0 |      31 |       0 |   0.0
        D:7 |    1556 |     119 |   7.1 |      32 |       1 |   3.0
        D:8 |    2495 |    2624 |  51.3 |      33 |      18 |  35.3
    Ossuary |       0 |     272 | 100.0 |       0 |      39 | 100.0
            +---------+---------+-------+---------+---------+-------

Levels and vault maps discovered:
D:1:      zelgadis_glass_arrival_small, layout_basic, serial_curves,
          eino_curves_03, eino_curves_02, eino_curves_04, eino_curves_02
D:2:      layout_rooms, chequers_ecumenical_altar_grove, serial_shops,
          nicolae_square_shop, st_stairs_6, uniq_terence
D:3:      layout_basic, mainiacjoe_overflow_chevrons, trog_wizard,
          biasface_ghost_orc_armoury, uniq_sigmund
D:4:      layout_basic, nicolae_ossuary_entry_monument
D:5:      layout_loops_corners, serial_shops, nicolae_shop_window_shopping,
          minmay_crystal_room, minivault_11, minmay_misc_feat_plants
D:6:      layout_layer_cave, lemuel_doored_altar
D:7:      layout_basic, nicolae_gozag_cash_rules_everything_around_me,
          minmay_temple_entry_statues_pillars, serial_shops, shop
D:8:      layout_cave_pools, nicolae_hepliaklqana_monster_ancestors,
          grunt_lair_entry_orc_guard_hut, serial_column_ruins, column_ruins_hut,
          column_ruins_open_tiny, column_ruins_corridor_straight,
          column_ruins_open_medium, column_ruins_open_tiny,
          column_ruins_open_tiny, column_ruins_open_small, serial_shops, shop,
          chequers_big_river, minmay_puff, uniq_prince_ribbit1, uniq_grum,
          uniq_psyche
D:9:      minmay_s_stair_smasher, layout_irregular_city,
          mainiacjoe_overflow_catwalk, fedhas_altar_fruit_tree,
          mainiacjoe_overflow_24_doors, minmay_overflow_temple_star_quad,
          minmay_orc_entry_temple_small, uniq_harold
Temple:   hellmonk_temple_rainy
